 Dungeon Crawl Stone Soup version 0.28-a0-1199-gef9e1dbd39 (webtiles) character file.

Game seed: 11375229477272653047

60 leviel the Skirmisher (level 4, -2/40 HPs)
             Began as a Hill Orc Fighter on Dec 20, 2021.
             Killed from afar by Sigmund (12 damage)
             ... with a puff of flame
             ... on level 3 of the Dungeon.
             The game lasted 00:01:50 (2398 turns).

leviel the Skirmisher (Hill Orc Fighter)            Turns: 2398, Time: 00:01:50

Health: -2/40      AC:  8    Str: 20    XL:     4   Next: 6%
Magic:  4/4        EV:  9    Int:  8    God:
Gold:   95         SH:  0    Dex: 10    Spells: 3/3 levels left

rFire   . . .      SeeInvis .   a - +0 war axe
rCold   . . .      Faith    .   c - +0 buckler
rNeg    . . .      Spirit   .   b - +0 scale mail
rPois   .          Reflect  .   o - +0 helmet
rElec   .          Harm     .   (no cloak)
rCorr   .          Rampage  .   (no gloves)
Will    .....                   (no boots)
Stlth   ..........              (no amulet)
HPRegen 0.13/turn               (no ring)
MPRegen 0.09/turn               (no ring)

@: confused, mighty
A: no striking features
a: no special abilities


You were on level 3 of the Dungeon.
You visited 1 branch of the dungeon, and saw 3 of its levels.

You collected 95 gold pieces.

Inventory:

Hand Weapons
 a - a +0 war axe (weapon)
Armour
 b - a +0 scale mail (worn)
 c - a +0 buckler (worn)
 o - a +0 helmet (worn)
Jewellery
 l - a ring of fire {rF+ rC-}
Wands
 j - a wand of flame (14)
Scrolls
 e - a scroll of identify {unknown}
 g - a scroll of fear {unknown}
 i - a scroll of immolation {unknown}
 p - a scroll of magic mapping {unknown}
Potions
 f - a potion of heal wounds {unknown}
 h - a potion of haste {unknown}
 k - a potion of resistance {unknown}
 m - a potion of flight {unknown}
 n - a potion of attraction {unknown}


   Skills:
 + Level 4.2 Fighting
 + Level 3.6 Axes
 + Level 3.9 Armour
 + Level 3.8 Shields


You had 3 spell levels left.
You didn't know any spells.
Your spell library was empty.

Dungeon Overview and Level Annotations

Branches:
Dungeon (3/15)

Altars:

Shops:
D:2 [

Annotations:
D:3 Sigmund


Message History

You block Sigmund's attack.
You barely miss Sigmund.
Sigmund is moderately wounded.
Sigmund hits you with a +0 scythe. Natasha claws you.
Sigmund barely misses you.
You closely miss Sigmund.
Sigmund is moderately wounded.
You hit Natasha. You block Natasha's attack. Sigmund closely misses you.
Natasha mumbles some strange words.
You slash Sigmund!
Sigmund is heavily wounded.
You slash the white imp! You slash Natasha! Natasha claws you.
The white imp barely misses you.
Sigmund mumbles some strange words.
Sigmund flickers and vanishes!
Deactivating autopickup; reactivate with Ctrl-A.
You closely miss something. You slash Natasha!
You kill Natasha!
Natasha growls in agony!
The white imp disappears in a puff of smoke!
You hear some strange, mumbled words.
Something tries to affect you, but you resist.
You block something's attack.
You have reached level 4!
You barely miss something. Something hits you!
You barely miss something.
You hear some strange, mumbled words.
Something tries to affect you, but you resist.
You hear some strange, mumbled words.
You are confused.
You bump into the rock wall.
You feel yourself speed up.
You hear some strange, mumbled words.
A puff of flame appears from out of thin air!
The puff of flame hits you.
* * * LOW HITPOINT WARNING * * *
You hear some strange, mumbled words.
A puff of flame appears from out of thin air!
The puff of flame hits you!
You die...

................#
#######.#######.#
##. #.# #.# . ..
#.#######.## .. #.
#.##........
...##.#####
#.##.####.#.
...?.....>####.##.#
#.#.
...............##.#
#.#. #..@{# #.#
#.#. #.##.# #.#
#.#. #.##.#######.#
#.#. #.##.........#
..#. #.##.#########
#.....# ####..#
#..# #..#


There were no monsters in sight!

Vanquished Creatures
  Natasha (D:3)
  An adder (D:2)
  4 ball pythons
  A bat (D:2)
  2 endoplasms
  A giant cockroach (D:1)
  4 goblins
  3 hobgoblins (D:2)
  2 quokkas
  3 frilled lizards
  2 kobolds (D:1)
  2 rats
26 creatures vanquished.

Notes
Turn   | Place    | Note
-------+----------+-------------------------------------------
     0 | D:1      | leviel the Hill Orc Fighter began the quest for the Orb.
     0 | D:1      | Reached XP level 1. HP: 19/19 MP: 1/1
   433 | D:1      | Reached XP level 2. HP: 22/27 MP: 2/2
   729 | D:1      | Found a faded altar of an unknown god.
  1284 | D:2      | Reached skill level 4 in Fighting
  1372 | D:2      | Reached XP level 3. HP: 29/33 MP: 3/3
  2216 | D:2      | Found Zugan's Antique Armour Shoppe.
  2387 | D:3      | Noticed Sigmund
  2388 | D:3      | Noticed Natasha
  2395 | D:3      | Killed Natasha
  2396 | D:3      | Reached XP level 4. HP: 23/40 MP: 4/4
  2398 | D:3      | Killed from afar by Sigmund

Illustrated notes

Levels and vault maps discovered:
D:1:      scummos_arrival_simple_fountains, layout_basic,
          shapermc_ecumenical_altar_mp_ritualfount, hex_intersection,
          minivault_19, minmay_misc_feat_tiny
D:2:      minmay_recursive_quarters, layout_loops_corners, serial_shops, shop
D:3:      layout_basic, nzn_wu_jian_contemplation,
          mainiacjoe_overflow_six_doors_small, serial_bayou_pond_b,
          st_stairs_12, uniq_natasha, uniq_sigmund

Skill      XL: |  1  2 |
---------------+-------+-----
Axes           | 3 |  3.6
Fighting       | 4 |  4.2
Armour         | |  3.9
Shields        | |  3.8

Action                   |  1- 3 |  4- 6 || total
-------------------------+-------+-------++-------
Melee: War axe           |    88 |     2 ||    90
  Use: Potion            |     1 |       ||     1
Armor: Scale mail        |    45 |       ||    45
Dodge: Dodged            |    35 |       ||    35
Block: Buckler           |    25 |       ||    25

Table legend: (Time is in decaauts)
 A = Elapsed time spent in this place.
 B = Non-inter-level travel time spent in this place.
 C = Inter-level travel time spent in this place.
 D = Time resting spent in this place.
 E = Time spent auto-exploring this place.
 F = Levels seen in this place.
 G = Mean time per level.
                   A        B        C        D        E       F      G
               +--------+--------+--------+--------+--------+-----+--------+
         Total |   2434 |   2273 |    161 |     89 |   1938 |   3 |  811.3 |
       Dungeon |   2434 |   2273 |    161 |     89 |   1938 |   3 |  811.3 |
               +--------+--------+--------+--------+--------+-----+--------+

Top non-repeatable levels by time:
     D:2: 1317 daAuts
     D:1: 1048 daAuts
     D:3: 69 daAuts
